 Dungeon Crawl Stone Soup version 0.24.1-14-gf8d2b509d9 (webtiles) character file.

Game seed: 15452732117873264564, levelgen mode: deterministic

548 Descartes the Shield-Bearer (level 7, -2/55 HPs)
             Began as a Formicid Fighter on May 16, 2020.
             Was an Initiate of Gozag.
             Slain by a slave (8 damage)
             ... led by Pikel
             ... on level 4 of the Dungeon.
             The game lasted 00:11:38 (5049 turns).

Descartes the Shield-Bearer (Formicid Fighter)      Turns: 5049, Time: 00:11:38

Health: -2/55      AC:  6    Str: 20    XL:     7   Next: 54%
Magic:  11/11      EV:  9    Int: 14    God:    Gozag
Gold:   335        SH: 10    Dex: 10    Spells: 1/11 levels left

rFire    . . .     SeeInvis +   y - +0 broad axe of the Ageless Planets {drain, Int+4} (curse)
rCold    . . .     Gourm    .   c - +0 shield
rNeg     . . .     Faith    .   B - +0 ring mail (curse)
rPois    .         Spirit   .   (helmet unavailable)
rElec    .         Reflect  .   (no cloak)
rCorr    .         Harm     .   (no gloves)
MR       .....                  (no boots)
Stlth    ..........             (no amulet)
HPRegen  0.18/turn              (no ring)
MPRegen  0.12/turn              (no ring)

@: starving
A: permanent stasis, dig shafts and tunnels, four strong arms, antennae 3
a: Dig, Shaft Self, Potion Petition, Call Merchant, Bribe Branch, Renounce
Religion


You were on level 4 of the Dungeon.
You worshipped Gozag.
Gozag was aware of your devotion.
You were starving.

You visited 1 branch of the dungeon, and saw 5 of its levels.

You collected 365 gold pieces.
You paid 30 gold pieces to Gozag.

Inventory:

Hand Weapons
 a - a +0 long sword
 m - a +0 long sword
 u - a +1 mace of protection
 y - the cursed +0 broad axe of the Ageless Planets (weapon) {drain, Int+4}
   (You found it on level 5 of the Dungeon)

   A truly terrible weapon, it drains the life of those it strikes.
   It affects your intelligence (+4).
   It has a curse placed upon it.
Missiles
 g - 85 stones (quivered)
 k - 56 arrows
 o - 9 boomerangs
 A - 3 javelins
Armour
 b - a +0 scale mail
 c - a +0 shield (worn)
 t - a +0 chain mail
 v - a +0 plate armour
 B - a cursed +0 ring mail (worn)
Wands
 w - a wand of digging (4)
Scrolls
 j - 2 scrolls of remove curse
 n - a scroll of fear
 s - a scroll of amnesia
Potions
 d - a potion of might
 l - 6 potions of curing
 q - a potion of lignification {unknown}
 r - a potion of mutation {unknown}
 x - 2 potions of magic {unknown}
 z - a potion of flight {unknown}
Comestibles
 f - 8 rations


   Skills:
 + Level 4.8 Fighting
 - Level 2.0 Long Blades
 + Level 0.1 Maces & Flails
 + Level 4.8 Armour
 * Level 6.6 Shields
 + Level 2.9 Spellcasting
 + Level 0.3 Conjurations
 + Level 0.2 Hexes
 + Level 0.3 Fire Magic
 + Level 0.2 Air Magic
 + Level 0.9 Poison Magic


You had one spell level left.
You knew the following spells:

 Your Spells              Type           Power        Failure   Level  Hunger
a - Magic Dart            Conj           #...         45%         1    #......
b - Conjure Flame         Conj/Fire      #.......     83%         3    ###....
c - Mephitic Cloud        Conj/Pois/Air  #.......     80%         3    ###....
d - Inner Flame           Hex/Fire       #.......     85%         3    ###....

Your spell library contained the following spells:

 Spells                   Type           Power        Failure   Level  Hunger
 Corona                   Hex            #......      47%         1    #......
 Slow                     Hex            #.......     63%         2    ##.....
 Call Imp                 Summ           #.......     65%         2    ##.....
 Portal Projectile        Hex/Tloc       #.....       86%         3    ###....
 Cause Fear               Hex            #.........   99%         4    #####..
 Leda's Liquefaction      Hex/Erth       #.........   99%         4    #####..
 Blink                    Tloc           Unusable     N/A         2    N/A

Dungeon Overview and Level Annotations

Branches:
Dungeon (5/15)
 Temple: D:4-7

Altars:
Cheibriados
Gozag
Ru
Wu Jian

Annotations:
D:5 Pikel


Innate Abilities, Weirdness & Mutations

You cannot be hasted, slowed, berserked, paralysed or teleported.
You can dig through walls and to a lower floor.
Your four strong arms can wield two-handed weapons with a shield.
You have a pair of large antennae on your head. (SInv)


Message History

There is a stone staircase leading up here.
You climb upwards.
There is a stone staircase leading down here.
You closely miss the slave.
The slave is lightly wounded.
You block the slave's attack. The slave hits you but does no damage.
You closely miss the slave.
The slave is lightly wounded.
The slave hits you.
* * * LOW HITPOINT WARNING * * *
The slave hits you!
* * * LOW HITPOINT WARNING * * *
You barely miss the slave.
The slave is lightly wounded.
You block the slave's attack.
You barely miss the slave.
The slave is lightly wounded.
The slave hits you!
You die...
Your body crumbles into a pile of gold.

#### #... ##########
#... #........# #...
#.######.### #...
#....# #...# ####...
####.#####.####......
#...................
#.#@................
#..p....######......
##......# #......
########<.....####
#......
#.....##.#.......#
#......
#.............##.#
#......
#.'#######'......#
#......
#.#)..#..[#....###
#......
#.#...#...#.####
#......


You could see a slave.

Vanquished Creatures
  An ogre (D:4)
  A centaur (D:5)
  A scorpion (D:3)
  3 hounds (D:5)
  An orc priest (D:4)
  An orc wizard (D:4)
  9 adders
  2 oozes
  2 worms
  2 dart slugs
  6 leopard geckos
  An orc (D:4)
  4 giant cockroaches
  6 goblins
  10 hobgoblins
  8 jackals
  7 kobolds
  2 quokkas
  14 bats
  2 frilled lizards
  5 rats
88 creatures vanquished.

Notes
Turn   | Place    | Note
-------+----------+-------------------------------------------
     0 | D:1      | Descartes the Formicid Fighter began the quest for the Orb.
     0 | D:1      | Reached XP level 1. HP: 18/18 MP: 1/1
   173 | D:1      | Reached XP level 2. HP: 23/24 MP: 2/2
   264 | D:1      | Reached skill level 4 in Shields
   600 | D:1      | Reached XP level 3. HP: 28/29 MP: 4/4
   837 | D:1      | You fall into a shaft and drop 1 floor!
   860 | D:2      | Reached skill level 1 in Spellcasting
  1298 | D:2      | Reached XP level 4. HP: 37/37 MP: 5/5
  2250 | D:3      | Found an opulent altar of Gozag.
  2253 | D:3      | Reached skill level 5 in Shields
  2253 | D:3      | Reached XP level 5. HP: 33/42 MP: 7/7
  2260 | D:3      | Became a worshipper of Gozag Ym Sagoz the Greedy
  2874 | D:4      | Found a sacrificial altar of Ru.
  2910 | D:4      | Noticed an ogre
  2941 | D:4      | Reached XP level 6. HP: 48/48 MP: 9/9
  2954 | D:4      | Killed an ogre
  3236 | D:4      | Reached skill level 6 in Shields
  3252 | D:4      | HP: 2/49 [scorpion (4)]
  4219 | D:5      | Entered Level 5 of the Dungeon
  4251 | D:5      | Reached XP level 7. HP: 44/55 MP: 9/11
  4262 | D:5      | Learned a level 1 spell: Magic Dart
  4266 | D:5      | Learned a level 3 spell: Conjure Flame
  4270 | D:5      | Learned a level 3 spell: Mephitic Cloud
  4565 | D:5      | Found an ornate altar of the Wu Jian Council.
  4565 | D:5      | Found a snail-covered altar of Cheibriados.
  4604 | D:5      | Learned a level 3 spell: Inner Flame
  4636 | D:5      | Got a smoking broad axe
  4637 | D:5      | Identified the cursed +0 broad axe of the Ageless Planets
                  | {drain, Int+4} (You found it on level 5 of the Dungeon)
  4985 | D:5      | Noticed Pikel
  5049 | D:4      | Slain by a slave

Levels and vault maps discovered:
D:1:      shiori_arrival_elements, layout_basic
D:2:      layout_basic, first_ration
D:3:      layout_rooms, grunt_gozag_statues
D:4:      layout_basic, nicolae_ru_great_annihilating_truth, nrook_uturn
D:5:      layout_gridville, kennysheep_little_box,
          amethyst_overflow_temple_binary, uniq_pikel, uniq_ijyb

Skill      XL: |  1  2  3  4  5  6 |
---------------+-------------------+-----
Shields        | 4 5 6 |  6.6
Spellcasting   | 1 2 |  2.9
Fighting       | 4 |  4.8
Armour         | 4 |  4.8
Long Blades    | |  2.0
Maces & Flails | |  0.1
Conjurations   | |  0.3
Hexes          | |  0.2
Fire Magic     | |  0.3
Air Magic      | |  0.2
Poison Magic   | |  0.9

Action                   |  1- 3 |  4- 6 |  7- 9 || total
-------------------------+-------+-------+-------++-------
Melee: Long sword        |    73 |   256 |    10 ||   339
       Broad axe         |       |       |    44 ||    44
 Abil: Dig               |       |       |     1 ||     1
  Use: Scroll            |       |     4 |     6 ||    10
       Potion            |       |     1 |       ||     1
 Stab: Paralysed         |       |     1 |       ||     1
  Eat: Chunk             |     1 |     4 |       ||     5
       Ration            |       |     2 |       ||     2
Armor: Scale mail        |    48 |    34 |       ||    82
       Chain mail        |       |   105 |       ||   105
       Plate armour      |       |     1 |    40 ||    41
       Ring mail         |       |       |     4 ||     4
Dodge: Dodged            |    34 |    77 |    24 ||   135
Block: Shield            |    54 |   174 |    39 ||   267
       Rpst.: Long sword |     9 |    27 |       ||    36
